 Dungeon Crawl Stone Soup version 0.29-a0-676-ga64570c9d2 (webtiles) character file.

Game seed: 11235882520361521334

3168 bande the Cleaver (level 9, -8/55 HPs)
             Began as a Gargoyle Fighter on June 24, 2022.
             Was a Follower of Okawaru.
             Mangled by a boulder beetle (14 damage)
             ... on level 7 of the Dungeon.
             The game lasted 00:13:42 (9310 turns).

bande the Cleaver (Gargoyle Fighter)                Turns: 9310, Time: 00:13:43

Health: -8/55      AC: 22    Str: 19    XL:     9   Next: 94%
Magic:  11/11      EV:  6    Int: 10    God:    Okawaru [*.....]
Gold:   342        SH: 11    Dex: 19    Spells: 8/8 levels left

rFire   . . .      SeeInvis .   a - +1 war axe (freeze)
rCold   . . .      Faith    .   v - +0 kite shield
rNeg    + + .      Spirit   .   e - +0 chain mail
rPois   ∞          Reflect  .   b - +2 helmet
rElec   +          Harm     .   n - +0 cloak
rCorr   .          Rampage  .   (no gloves)
Will    .....                   g - +0 pair of boots
Stlth   ..........              (no amulet)
HPRegen 0.18/turn               r - ring of positive energy
MPRegen 0.12/turn               c - +6 ring of dexterity

@: mighty
A: sickness immunity, AC +6, negative energy resistance 1, electricity
resistance, torment resistance 1, petrification resistance
a: Renounce Religion, Heroism


You were on level 7 of the Dungeon.
You worshipped Okawaru.
Okawaru was aware of your devotion.
You visited 2 branches of the dungeon, and saw 9 of its levels.

You collected 342 gold pieces.

Inventory:

Hand Weapons
 a - a +1 war axe of freezing (weapon)
 s - a +0 flail of protection
Armour
 b - a +2 helmet (worn)
 e - a +0 chain mail (worn)
 g - a +0 pair of boots (worn)
 n - a +0 cloak (worn)
 v - a +0 kite shield (worn)
Jewellery
 c - a +6 ring of dexterity (right hand)
 l - a ring of wizardry
 r - a ring of positive energy (left hand)
 t - a ring of wizardry
Wands
 o - a wand of light (2)
 x - a wand of iceblast (10)
Scrolls
 p - a scroll of magic mapping
 q - 2 scrolls of blinking
 w - 2 scrolls of silence
 y - a scroll of teleportation {unknown}
 z - a scroll of enchant armour {unknown}
 A - 3 scrolls of identify
Potions
 d - 2 potions of might
 f - a potion of resistance {unknown}
 h - 2 potions of brilliance
 i - a potion of ambrosia {unknown}
 j - a potion of invisibility {unknown}
 k - 3 potions of flight
 m - 4 potions of haste
 u - 2 potions of degeneration {unknown}
 B - a potion of magic {unknown}


   Skills:
 + Level 6.2 Fighting
 + Level 8.1 Axes
 + Level 6.7 Armour
 + Level 6.1 Shields
 * Level 2.8 Invocations
 * Level 4.6 Evocations


You had 8 spell levels left.
You didn't know any spells.
Your spell library contained the following spells:

 Spells                   Type           Power      Damage    Failure   Level
 Foxfire                  Conj/Fire      0%         2x1d4     100%        1
 Conjure Flame            Conj/Fire      0%         6-21      100%        3
 Gell's Gravitas          Tloc           0%         N/A       100%        3
 Inner Flame              Hex/Fire       0%         N/A       100%        3
 Lesser Beckoning         Tloc           0%         N/A       100%        3
 Teleport Other           Tloc           0%         N/A       100%        3
 Cause Fear               Hex            0%         N/A       100%        4
 Flame Wave               Conj/Fire      0%         2d4       100%        4
 Passage of Golubria      Tloc           0%         N/A       100%        4
 Yara's Violent Unravell  Hex/Tmut       0%         3d3       100%        5
 Discord                  Hex            0%         N/A       100%        8
 Tukima's Dance           Hex            Unusable   N/A       N/A         3

Dungeon Overview and Level Annotations

Branches:
Dungeon (8/15)             Temple (1/1) D:6
   Lair: D:8-11

Altars:
Ashenzari
Cheibriados
Dithmenos
Elyvilon
Fedhas
Gozag
Hepliaklqana
Kikubaaqudgha
Makhleb
Nemelex Xobeh
Okawaru
Qazlal
Sif Muna
Trog
Vehumet
Wu Jian
Xom
Yredelemnul
Zin
The Shining One

Shops:
D:4 *


Innate Abilities, Weirdness & Mutations

You are immune to sickness and miasma.
Your stone body is resilient. (AC +6)
You are immune to poison.
You resist negative energy. (rN+)
You are resistant to electric shocks. (rElec)
You are resistant to unholy torment.
You are immune to petrification.


Message History

You hit the boulder beetle but do no damage.
The boulder beetle is moderately wounded.
You block the boulder beetle's attack.
The boulder beetle completely misses you.
You hit the boulder beetle but do no damage.
The boulder beetle is moderately wounded.
The boulder beetle bites you but does no damage.
You hit the boulder beetle but do no damage.
The boulder beetle is moderately wounded.
You block the boulder beetle's attack.
You hit the boulder beetle but do no damage.
The boulder beetle is moderately wounded.
The boulder beetle bites you but does no damage.
You block the boulder beetle's attack.
You hit the boulder beetle. You freeze the boulder beetle.
The boulder beetle is heavily wounded.
The boulder beetle bites you!
You hit the boulder beetle but do no damage.
The boulder beetle is moderately wounded.
The boulder beetle leaps!
There is a stone staircase leading down here.
You see here a warg skeleton.
You block the boulder beetle's attack.
You barely miss the boulder beetle.
The boulder beetle is moderately wounded.
The boulder beetle bites you but does no damage.
You slash the boulder beetle! You freeze the boulder beetle.
The boulder beetle is heavily wounded.
The boulder beetle bites you but does no damage.
You hit the boulder beetle but do no damage.
The boulder beetle is heavily wounded.
The boulder beetle completely misses you.
The boulder beetle bites you!
* * * LOW HITPOINT WARNING * * *
You feel very mighty all of a sudden. The boulder beetle barely misses you.
You hit the boulder beetle but do no damage.
The boulder beetle is heavily wounded.
The boulder beetle bites you!
You die...

#.......#############
#.......'...........#
#.......###########.#
#######.......# #.#
.......###'#### #.# )......#
#.# #.# .......#
#.##############.#
.......###........[)[..##.##
.......'.......B@.÷>.......#
.......###############.#####
#####..........# #.#
#....)......# #.#
#...........# #.#
#.####'###### #.#####
#.####.# #...(.# #....#.#
###.### ###.##.# #.#


You could see a boulder beetle.

Vanquished Creatures
  Prince Ribbit (D:5)
  Sigmund (D:4)
  A wyvern (D:5)
  A steam dragon (D:7)
  3 wargs (D:7)
  Edmund (D:4)
  An ice beast (D:3)
  A sky beast (D:7)
  An ogre (D:6)
  2 bullfrogs
  5 necrophages
  3 scorpions
  8 wights (D:7)
  3 killer bees (D:5)
  4 hounds
  2 orc priests (D:5)
  Crazy Yiuf (D:3)
  2 iguanas
  A gnoll shaman (D:6)
  Natasha (thrice) (D:4)
  4 orc wizards
  4 gnolls
  9 adders
  A shadow imp (D:7)
  2 white imps
  An ufetubus (D:5)
  A worm (D:2)
  2 dart slugs
  10 orcs
  6 endoplasms
  4 giant cockroaches
  8 goblins
  4 hobgoblins
  5 kobolds
  4 quokkas
  5 ball pythons
  3 bats
  6 frilled lizards
  6 rats
130 creatures vanquished.

Vanquished Creatures (others)
  A fungus (D:3)
1 creature vanquished.

Grand Total: 131 creatures vanquished

Notes
Turn   | Place    | Note
-------+----------+-------------------------------------------
     0 | D:1      | bande the Gargoyle Fighter began the quest for the Orb.
     0 | D:1      | Reached XP level 1. HP: 14/14 MP: 1/1
   320 | D:1      | Reached XP level 2. HP: 19/19 MP: 2/2
   683 | D:1      | Found a faded altar of an unknown god.
  1051 | D:1      | Reached skill level 2 in Axes
  1297 | D:2      | Reached XP level 3. HP: 24/24 MP: 3/3
  1552 | D:2      | Reached XP level 4. HP: 29/29 MP: 4/4
  1964 | D:3      | Noticed an ice beast
  1983 | D:3      | Killed an ice beast
  1984 | D:3      | Reached skill level 3 in Axes
  1984 | D:3      | Reached XP level 5. HP: 15/33 MP: 5/5
  2754 | D:3      | Found a runed translucent door.
  2755 | D:3      | Noticed Crazy Yiuf
  2805 | D:3      | Found a white marble altar of Elyvilon.
  2965 | D:3      | Killed Crazy Yiuf
  3244 | D:4      | Reached XP level 6. HP: 37/38 MP: 6/6
  3292 | D:4      | Reached skill level 4 in Axes
  3421 | D:4      | Found Soretyil's Assorted Antiques.
  3429 | D:4      | Noticed Edmund
  3444 | D:4      | Noticed Sigmund
  3447 | D:4      | Killed Edmund
  3448 | D:4      | Reached skill level 5 in Armour
  3448 | D:4      | Reached skill level 1 in Evocations
  3448 | D:4      | Reached XP level 7. HP: 17/44 MP: 7/7
  3459 | D:4      | Killed Sigmund
  3460 | D:4      | Reached skill level 5 in Axes
  4033 | D:4      | Noticed Natasha
  4038 | D:4      | Killed Natasha
  4074 | D:4      | Noticed Natasha
  4082 | D:4      | Killed Natasha
  4220 | D:4      | Noticed Natasha
  4229 | D:4      | Killed Natasha
  4287 | D:5      | Entered Level 5 of the Dungeon
  4583 | D:5      | Reached XP level 8. HP: 48/48 MP: 8/8
  4716 | D:5      | Noticed a wyvern
  4722 | D:5      | Killed a wyvern
  4723 | D:5      | Reached skill level 6 in Axes
  4960 | D:5      | Noticed Prince Ribbit
  4975 | D:5      | Reached skill level 5 in Fighting
  4999 | D:5      | Killed Prince Ribbit
  5000 | D:5      | Reached skill level 5 in Shields
  5666 | D:6      | Reached skill level 7 in Axes
  5761 | D:6      | Reached XP level 9. HP: 41/54 MP: 9/9
  5790 | D:6      | Found a staircase to the Ecumenical Temple.
  6590 | Temple   | Entered the Ecumenical Temple
  6654 | Temple   | Became a worshipper of Warmaster Okawaru
  7469 | D:7      | Reached skill level 1 in Invocations
  8094 | D:7      | Reached * piety under Okawaru
  8876 | D:7      | Reached skill level 8 in Axes
  9056 | D:8      | Noticed a boulder beetle
  9310 | D:7      | Mangled by a boulder beetle

Illustrated notes

Levels and vault maps discovered:
D:1:      scummos_arrival_hexagon, layout_basic,
          hellmonk_ecumenical_altar_pennies_from_heaven, roderic_serpentine_path
D:2:      layout_basic, minivault_24, st_stairs_8
D:3:      layout_basic, mainiacjoe_overflow_alcove_2, minmay_ruptured,
          uniq_crazy_yiuf_cottage
D:4:      layout_basic, serial_shops, shop, uniq_sigmund, uniq_edmund,
          uniq_natasha
D:5:      layout_loops_cross, kennysheep_nub, uniq_prince_ribbit1
D:6:      layout_rooms, minmay_temple_entry_proselytizer, serial_rivers,
          chequers_serial_rivers_room_a, chequers_serial_rivers_micro_c,
          chequers_serial_rivers_micro_a, chequers_serial_rivers_micro_b,
          chequers_serial_rivers_small_b, nicolae_underground_beach
D:7:      layout_basic
D:8:      layout_layer_cave, mainiacjoe_overflow_paths,
          erik_lair_orcish_takeover, nicolae_good_shop
Temple:   compressed_dpeg_triangle_lava_temple

Skill      XL: |  1  2  3  4  5  6  7  8  9 |
---------------+----------------------------+-----
Axes           | 2 3 4 5 7 8 |  8.1
Armour         | 4 5 6 |  6.7
Fighting       | 4 5 6 |  6.2
Shields        | 4 5 6 |  6.1
Evocations     | 1 2 3 4 |  4.6
Invocations    | 2 |  2.8

Action                   |  1- 3 |  4- 6 |  7- 9 || total
-------------------------+-------+-------+-------++-------
Melee: War axe           |   120 |   126 |   334 ||   580
  Use: Scroll            |     6 |     4 |     3 ||    13
       Potion            |       |       |     3 ||     3
 Stab: Distracted        |       |     1 |       ||     1
Armor: Scale mail        |    10 |       |       ||    10
       Chain mail        |    69 |    78 |   220 ||   367
Dodge: Dodged            |    59 |    54 |    91 ||   204
Block: Buckler           |    27 |    27 |     6 ||    60
       Kite shield       |       |       |   149 ||   149

Table legend: (Time is in decaauts)
 A = Elapsed time spent in this place.
 B = Non-inter-level travel time spent in this place.
 C = Inter-level travel time spent in this place.
 D = Time resting spent in this place.
 E = Time spent auto-exploring this place.
 F = Levels seen in this place.
 G = Mean time per level.
                   A        B        C        D        E       F      G
               +--------+--------+--------+--------+--------+-----+--------+
         Total |   9540 |   9440 |    100 |   2776 |   5070 |   9 | 1060.0 |
       Dungeon |   9455 |   9355 |    100 |   2776 |   5025 |   8 | 1181.9 |
        Temple |     85 |     85 |      0 |      0 |     45 |   1 |   85.0 |
               +--------+--------+--------+--------+--------+-----+--------+

Top non-repeatable levels by time:
     D:7: 2120 daAuts
     D:5: 1917 daAuts
     D:3: 1325 daAuts
     D:4: 1324 daAuts
     D:1: 1159 daAuts
     D:2: 815 daAuts
     D:6: 772 daAuts
  Temple: 85 daAuts
     D:8: 18 daAuts
